 Dungeon Crawl Stone Soup version 0.23-a0-319-gb40ba49 (webtiles) character file.

12 namelastname112 the Shooter (level 2, 0/24 HPs)
             Began as a Draconian Wanderer on Oct 14, 2018.
             Slain by an adder (4 damage)
             ... on level 2 of the Dungeon.
             The game lasted 00:01:21 (846 turns).

namelastname112 the Shooter (Draconian Wanderer)     Turns: 846, Time: 00:01:21

Health: 0/24       AC:  4    Str: 13    XL:     2   Next: 20%
Magic:  5/5        EV: 11    Int: 14    God:
Gold:   59         SH:  0    Dex:  9    Spells: 5/5 levels left

rFire    . . .     SeeInvis .   b - +0 hand axe
rCold    . . .     Gourm    .   (no shield)
rNeg     . . .     Faith    .   (armour unavailable)
rPois    .         Spirit   .   (helmet restricted)
rElec    .         Reflect  .   e - scarf {repulsion}
rCorr    .         Harm     .   (no gloves)
MR       .....                  (no boots)
Stlth    +.........             (no amulet)
HPRegen  0.08/turn              (no ring)
MPRegen  0.09/turn              (no ring)

@: repel missiles
A: unfitting armour, cold-blooded, AC +4
a: no special abilities


You were on level 2 of the Dungeon.
You were not hungry.

You visited 1 branch of the dungeon, and saw 2 of its levels.

You collected 59 gold pieces.

Inventory:

Hand Weapons
 b - a +0 hand axe (weapon)
Armour
 e - a scarf of repulsion (worn)
Scrolls
 a - a scroll of identify {unknown}
 f - a scroll of remove curse {unknown}
 g - a scroll of magic mapping {unknown}
Potions
 c - a potion of lignification
Comestibles
 d - 2 rations


   Skills:
 + Level 1.7 Fighting
   Level 3.6 Bows
 + Level 0.7 Dodging
 - Level 1.0 Stealth
   Level 1.0 Shields
 + Level 2.2 Spellcasting
   Level 1.0 Charms


You had 5 spell levels left.
You didn't know any spells.
Your spell library contained the following spells:

 Spells                   Type           Power        Failure   Level  Hunger
 Infusion                 Chrm           #...         16%         1    #......
 Song of Slaying          Chrm           #.......     24%         2    ###....
 Shroud of Golubria       Chrm/Tloc      #.........   28%         2    ###....
 Regeneration             Chrm/Necr      #.........   50%         3    ###....
 Spectral Weapon          Hex/Chrm       #.......     50%         3    ###....


Dungeon Overview and Level Annotations

Branches:
Dungeon (2/15)

Altars:


Innate Abilities, Weirdness & Mutations

Your plain brown scales are hard. (AC +4)
You cannot fit into any form of body armour.
You are cold-blooded and may be slowed by cold attacks.


Message History

You take 1 damage, and have 23/24 hp.
You hit the worm but do no damage.
The worm is moderately wounded.
You completely miss the adder. The adder barely misses you.
The adder bites you but does no damage. The worm bites you!
You take 8 damage, and have 15/24 hp.
MASSIVE DAMAGE!!
You completely miss the worm.
The worm is moderately wounded.
You miss the adder. The adder barely misses you. The adder closely misses you.
The worm bites you!
Ouch! That really hurt!
* * * LOW HITPOINT WARNING * * *
You take 12 damage, and have 3/24 hp.
MASSIVE DAMAGE!!
You are too injured to fight recklessly!
You are too injured to fight recklessly!
You are too injured to fight recklessly!
Okay, then.
The adder barely misses you. The adder bites you.
You die...

.... ###. ...#
#...##...#
#..##....####
##..)?........
...##w#.....# #
#.##......# #
#.###.#w......#.#
#..@SS..#.......##
#....######.........#
..... #....<.......
.... .....#.........#
... ####..........##
## #.##.#.#.### ..>
..#.### ### ####.# .#


You could see a worm, an adder and a ball python.

Vanquished Creatures
  A giant cockroach (D:1)
  A goblin (D:1)
  2 hobgoblins (D:1)
  2 kobolds (D:1)
  3 frilled lizards (D:1)
  4 rats (D:1)
13 creatures vanquished.

Notes
Turn   | Place    | Note
-------+----------+-------------------------------------------
     0 | D:1      | namelastname112 the Draconian Wanderer began the quest for
                  | the Orb.
     0 | D:1      | namelastname112 set off with: a +0 hand axe, a potion of
                  | lignification, a ration
     0 | D:1      | Reached XP level 1. HP: 16/16 MP: 3/3
   245 | D:1      | Reached XP level 2. HP: 6/23 MP: 5/5
   846 | D:2      | Slain by an adder

Vault maps used:
D:1:      dpeg_arrival_arbitrary_b, minmay_crystal_room, minmay_misc_feat_rows
D:2:      kennysheep_six_static_rooms, minmay_pentomino_w2,
          uniq_crazy_yiuf_cottage

Action                   || total
-------------------------++-------
Melee: Hand axe          ||    45
       Tailslap          ||     7
Armor: Skin              ||    15
Dodge: Dodged            ||    24

Table legend:
 A = Non-vault XP
 B = Vault XP
 C = Vault XP percentage of total XP
 D = Non-vault monster count
 E = Vault monster count
 F = Vault count percentage of total count
                 A         B        C        D         E       F
            +---------+---------+-------+---------+---------+-------
      Total |      18 |       0 |   0.0 |      13 |       0 |   0.0
            +---------+---------+-------+---------+---------+-------
        D:1 |      18 |       0 |   0.0 |      13 |       0 |   0.0
            +---------+---------+-------+---------+---------+-------
